 Dungeon Crawl Stone Soup version 0.24.1-14-gf8d2b509d9 (webtiles) character file.

Game seed: 17486498132791077161, levelgen mode: deterministic

4621 Mrkan the Grappler (level 10, -22/101 (104) HPs)
             Began as a Troll Berserker on May 22, 2020.
             Was a High Priest of Trog.
             Annihilated by an orc knight
             ... wielding a +0 glaive
              (40 damage)
             ... in a bailey.
             The game lasted 00:10:10 (6342 turns).

Mrkan the Grappler (Troll Berserker)                Turns: 6342, Time: 00:10:10

HP:   -22/101 (104) AC:  8    Str: 27    XL:     10   Next: 19%
MP:   9/9           EV: 10    Int:  6    God:    Trog [*****.]
Gold: 503           SH:  0    Dex:  9    Spells: 9/9 levels left

rFire    . . .     SeeInvis .     - Unarmed
rCold    . . .     Gourm    +   (no shield)
rNeg     . . .     Faith    .   a - +0 animal skin
rPois    .         Spirit   .   s - +1 hat
rElec    .         Reflect  .   p - +0 cloak
rCorr    .         Harm     .   (gloves unavailable)
MR       ++...                  (boots unavailable)
Stlth    +.........             (no amulet)
HPRegen  1.66/turn              (no ring)
MPRegen  0.11/turn              (no ring)

@: regenerating
A: large, unfitting armour, claws 3, fast metabolism 3, gourmand, regeneration
1, shaggy fur 1, tough skin 3
a: Berserk, Trog's Hand, Brothers in Arms, Renounce Religion


You were in a bailey.
You worshipped Trog.
Trog was extremely pleased with you.
You were very full.

You visited 1 branch of the dungeon, and saw 8 of its levels.
You also visited: Bailey.

You collected 503 gold pieces.

Inventory:

Missiles
 k - 14 poisoned darts (quivered)
Armour
 a - a +0 animal skin (worn)
 p - a +0 cloak (worn)
 s - a +1 hat (worn)
Jewellery
 e - an uncursed ring of protection from cold {unknown}
 z - an uncursed ring of positive energy {unknown}
 A - an uncursed ring of protection from magic {unknown}
 C - an uncursed ring of flight {unknown}
 F - an uncursed ring of positive energy {unknown}
Wands
 t - a wand of acid (16)
 I - a wand of flame (11)
Scrolls
 c - 3 scrolls of teleportation {unknown}
 f - 11 scrolls of identify {unknown}
 g - 6 scrolls of remove curse {unknown}
 j - a scroll of fear {unknown}
 m - 2 scrolls of noise {unknown}
 r - 4 scrolls of magic mapping {unknown}
 u - 3 scrolls of blinking {unknown}
 w - a scroll of enchant armour {unknown}
 y - a scroll of enchant weapon {unknown}
 B - 2 scrolls of fog {unknown}
 D - a scroll of vulnerability {unknown}
 H - a scroll of silence {unknown}
Potions
 d - 2 potions of flight {unknown}
 h - 2 potions of haste
 i - 3 potions of curing {unknown}
 l - 2 potions of ambrosia {unknown}
 n - 4 potions of brilliance {unknown}
 o - a potion of agility {unknown}
 q - 3 potions of heal wounds {unknown}
 v - 2 potions of mutation {unknown}
 x - 6 potions of degeneration
 E - a potion of lignification {unknown}
 G - a potion of might
Comestibles
 b - 20 rations
 J - 6 chunks of flesh


   Skills:
 + Level 7.7 Fighting
 - Level 2.4 Dodging
 * Level 12.3 Unarmed Combat


You had 9 spell levels left.
You didn't know any spells.
Your spell library was empty.

Dungeon Overview and Level Annotations

Branches:
Dungeon (8/15)             Temple (0/1) D:6          Bailey (1/1)
   Lair: D:8-11

Altars:
Ashenzari
Cheibriados
Kikubaaqudgha
Nemelex Xobeh
Trog
Uskayaw
Vehumet
Wu Jian
Xom
Yredelemnul
The Shining One

Shops:
D:6 [

Annotations:
D:2 2 transporters, Menkaure


Innate Abilities, Weirdness & Mutations

You are too large for most types of armour.
You have claws for hands.
Your metabolism is lightning-fast.
You like to eat raw meat.
Your natural rate of healing is unusually fast.
You are covered in fur. (AC +1)
You have extremely tough skin. (AC +3)


Message History

You mangle the orc knight!!
The orc knight is heavily wounded.
The orc warrior no longer looks unusually strong.
The orc knight roars a battlecry!
The orc warrior goes into a battle-frenzy!
You mangle the orc knight!!
The orc knight is severely wounded.
The orc knight hits you with a +0 glaive!!
You barely miss the orc knight.
The orc knight is severely wounded.
The orc knight hits you with a +0 glaive!!
* * * LOW HITPOINT WARNING * * *
You barely miss the orc knight.
The orc knight is severely wounded.
Okay, then.
Your skin crawls.
You feel resistant to hostile enchantments.
The orc warrior no longer looks unusually strong.
The orc knight hits you with a +0 glaive!!!
You die...

≈≈≈≈..##.∩.##..≈≈≈≈≈≈≈≈≈≈.#
.....##.... ##...)....).≈.#
#########'###§#########.≈.#
......§§## ##.≈.#
§≈§≈≈§≈o.## ##).≈.#
≈.....≈§..## ##..≈≈.#
..⌠∩⌠oo≈≈..# #..≈≈.∩#
...⌠.oo≈§..#+#..≈≈.##
≈....o≈≈..@#.##..≈≈.#
≈≈≈≈≈§≈..##o..##..≈.# $
........##.....##.≈.# #
##'#############.≈.# ##
##.)....)...≈.# ≈#######
##.)≈≈≈≈≈≈≈≈≈≈.# ..##...##
##..≈≈..........#
.##..≈))###..≈≈..##########
##...≈≈))...≈≈..##


You could see 3 orc knights and 4 orc warriors.

Vanquished Creatures
  A deep elf mage (D:7)
  A troll (D:7)
  Prince Ribbit (D:6)
  2 phantoms
  3 ice beasts
  An orc warrior (Bailey)
  A necrophage (D:5)
  A sky beast (D:8)
  2 black bears (D:6)
  8 ogres
  5 centaurs
  Blork the orc (D:4)
  2 big kobolds
  4 bullfrogs
  A water moccasin skeleton (D:7)
  A killer bee (D:7)
  A wight (D:7)
  A howler monkey (D:7)
  3 crimson imps (D:7)
  A centaur zombie (D:7)
  A bullfrog zombie (D:8)
  2 hounds (D:7)
  5 orc priests
  7 orc wizards
  2 bullfrog skeletons
  3 iguanas
  Jessica (D:2)
  6 worker ants
  A killer bee zombie (D:8)
  2 hound skeletons (D:4)
  3 gnolls
  9 adders
  A shadow imp (D:6)
  An adder skeleton (D:6)
  2 adder zombies
  3 worms
  3 dart slugs
  9 leopard geckos
  33 orcs
  4 giant cockroaches
  8 goblins
  10 hobgoblins
  17 jackals
  2 quokkas
  7 bats
  2 frilled lizards
  A jackal skeleton (D:5)
  12 kobolds
  A leopard gecko skeleton (D:4)
  2 quokka skeletons
  A quokka zombie (D:6)
  2 rats
204 creatures vanquished.

Vanquished Creatures (others)
  A leopard gecko (D:7)
1 creature vanquished.

Grand Total: 205 creatures vanquished

Notes
Turn   | Place    | Note
-------+----------+-------------------------------------------
     0 | D:1      | Mrkan the Troll Berserker began the quest for the Orb.
     0 | D:1      | Reached XP level 1. HP: 22/22 MP: 0/0
   120 | D:1      | Reached XP level 2. HP: 29/29 MP: 1/1
   551 | D:1      | Reached XP level 3. HP: 35/36 MP: 2/2
   653 | D:1      | Reached skill level 4 in Unarmed Combat
   709 | D:1      | Reached ** piety under Trog
   968 | D:2      | Found a transporter.
   998 | D:2      | Found a bloodstained altar of Trog.
  1116 | D:2      | Reached XP level 4. HP: 45/45 MP: 3/3
  1357 | D:2      | Found a basalt altar of Yredelemnul.
  1361 | D:2      | Noticed Menkaure
  1367 | D:2      | Found an ancient bone altar of Kikubaaqudgha.
  1370 | D:2      | Found a transporter.
  1377 | D:2      | Noticed Jessica
  1386 | D:2      | Killed Jessica
  1753 | D:3      | Reached skill level 5 in Unarmed Combat
  1756 | D:3      | Reached XP level 5. HP: 53/53 MP: 4/4
  1978 | D:3      | Found a bloodstained altar of Trog.
  2394 | D:4      | Noticed an ogre
  2400 | D:4      | Killed an ogre
  2400 | D:4      | Reached XP level 6. HP: 33/62 MP: 5/5
  2583 | D:4      | Reached skill level 6 in Unarmed Combat
  2590 | D:4      | Reached *** piety under Trog
  2717 | D:4      | Noticed Blork the orc
  2722 | D:4      | Reached XP level 7. HP: 47/71 MP: 6/6
  2728 | D:4      | Killed Blork the orc
  2728 | D:4      | Reached skill level 7 in Unarmed Combat
  3052 | D:5      | Entered Level 5 of the Dungeon
  3169 | D:5      | Reached skill level 8 in Unarmed Combat
  3252 | D:5      | Reached skill level 5 in Fighting
  3265 | D:5      | Reached XP level 8. HP: 64/77 MP: 7/7
  3295 | D:5      | Reached **** piety under Trog
  3355 | D:5      | Found a glowing golden altar of the Shining One.
  3642 | D:6      | Found a sparkling altar of Nemelex Xobeh.
  3642 | D:6      | Found a hide-covered altar of Uskayaw.
  3749 | D:6      | Reached skill level 9 in Unarmed Combat
  3907 | D:6      | Found a staircase to the Ecumenical Temple.
  3966 | D:6      | Found Uribygoz's Antique Armour Emporium.
  4292 | D:6      | Reached skill level 10 in Unarmed Combat
  4311 | D:6      | Reached XP level 9. HP: 77/86 MP: 8/8
  4409 | D:6      | Noticed Prince Ribbit
  4414 | D:6      | Killed Prince Ribbit
  4478 | D:7      | Found a shimmering altar of Xom.
  4507 | D:7      | Noticed a troll
  4519 | D:7      | Killed a troll
  4537 | D:7      | Reached skill level 11 in Unarmed Combat
  4574 | D:7      | Noticed a deep elf mage
  4596 | D:7      | Killed a deep elf mage
  5575 | D:8      | Reached XP level 10. HP: 99/99 MP: 9/9
  5595 | D:8      | Reached skill level 12 in Unarmed Combat
  5700 | D:8      | Reached ***** piety under Trog
  5872 | D:8      | Found an ornate altar of the Wu Jian Council.
  5872 | D:8      | Found a faded altar of an unknown god.
  5877 | D:8      | Found a radiant altar of Vehumet.
  5879 | D:8      | Found a shattered altar of Ashenzari.
  5880 | D:8      | Found a snail-covered altar of Cheibriados.
  6039 | D:8      | Found a flagged portal.
  6074 | Bailey   | Entered a bailey
  6142 | Bailey   | Noticed an orc knight
  6320 | Bailey   | Noticed an orc knight
  6325 | Bailey   | Noticed an orc knight
  6342 | Bailey   | Annihilated by an orc knight

Levels and vault maps discovered:
D:1:      mrwooster_arrival_statue_3, layout_loops_corners
D:2:      layout_loops_ring, gammafunk_temple_of_torment, lemuel_round_altar,
          uniq_jessica
D:3:      layout_basic, chequers_avenue, bloody_trog
D:4:      layout_basic, uniq_blork_the_orc
D:5:      layout_rooms, first_ration, tso_metal_star
D:6:      layout_basic, gammafunk_temple_overflow_wave,
          minmay_temple_entry_waves, serial_shops, nicolae_shop_trees,
          uniq_prince_ribbit1
D:7:      minmay_the_grid_octo_tiled_squarecenter
          [minmay_the_grid_octo_pinwheel, minmay_the_grid_octo_fat_diamond,
          minmay_the_grid_octo_chip, minmay_the_grid_octo_horde,
          minmay_the_grid_square_5x5_megaprize_diamond,
          minmay_the_grid_square_5x5_hourglass,
          minmay_the_grid_square_5x5_intrusive_squares,
          minmay_the_grid_square_5x5_three_walls,
          minmay_the_grid_square_5x5_inner_v], layout_basic, basic_altar
D:8:      layout_rooms, chequers_temple_overflow_minitemple, enter_bailey_7
Bailey:   bailey_polearm_1, bailey

Skill      XL: |  1  2  3  4  5  6  7  8  9 10 |
---------------+-------------------------------+-----
Unarmed Combat | 4 5 6 8 10 11 12 | 12.3
Fighting       | 3 4 5 6 7 |  7.7
Dodging        | |  2.4

Action                   |  1- 3 |  4- 6 |  7- 9 | 10-12 || total
-------------------------+-------+-------+-------+-------++-------
Melee: Unarmed           |    87 |   120 |   198 |    92 ||   497
       Punch             |     2 |     3 |     5 |     3 ||    13
Invok: Trog's Hand       |       |       |       |     1 ||     1
  Use: Potion            |       |       |     1 |       ||     1
 Stab: Sleeping          |     3 |       |       |       ||     3
  Eat: Chunk             |    12 |    15 |    25 |    11 ||    63
Armor: Animal skin       |    43 |    38 |    64 |    43 ||   188
Dodge: Dodged            |    52 |    50 |    91 |   102 ||   295
